 Dungeon Crawl Stone Soup version 0.32-a0-12-g7fc57aa741 (webtiles) character file.

Game seed: 10094781458127257449

49 hikkokomori the Sneak (level 3, -1/26 HPs)
             Began as a Gnoll Enchanter on Jan 15, 2024.
             Slain by a ribbon worm (8 damage)
             ... on level 2 of the Dungeon.
             The game lasted 00:02:45 (1383 turns).

hikkokomori the Sneak (Gnoll Enchanter)             Turns: 1383, Time: 00:02:46

Health: -1/26      AC:  3    Str:  7    XL:     3   Next: 75%
Magic:  9/9        EV: 13    Int: 14    God:
Gold:   125        SH:  0    Dex: 14    Spells: 10/12 levels left

rFire   . . .        a - +1 dagger
rCold   . . .        (no shield)
rNeg    . . .        e - +0 leather armour
rPois   .            (no helmet)
rElec   .            (no cloak)
rCorr   .            (no gloves)
SInv    .            (no boots)
Will    .....        (no amulet)
Stlth   +++          (no ring)
HPRegen 0.24/turn    (no ring)
MPRegen 0.11/turn

%: no passive effects
@: no status effects
A: fangs 1, strong nose, distributed training
a: no special abilities


You were on level 2 of the Dungeon.
You visited 1 branch of the dungeon, and saw 2 of its levels.

You collected 125 gold pieces.

Inventory:

Hand Weapons
 a - a +1 dagger (weapon)
Missiles
 g - 4 javelins (quivered)
Armour
 b - a +0 robe
 e - a +0 leather armour (worn)
Scrolls
 d - a scroll of blinking {unknown}
 j - a scroll of revelation {unknown}
 k - 2 scrolls of noise {unknown}
Potions
 c - 2 potions of invisibility
 f - a potion of berserk rage
 h - a potion of enlightenment {unknown}
 i - a potion of mutation {unknown}


   Skills:
 + Level 1.0 Fighting
 + Level 2.6 Short Blades
 + Level 1.0 Long Blades
 + Level 1.0 Axes
 + Level 1.0 Maces & Flails
 + Level 1.0 Polearms
 + Level 1.0 Staves
 + Level 1.0 Ranged Weapons
 + Level 1.0 Throwing
 + Level 1.0 Armour
 + Level 4.6 Dodging
 + Level 6.0 Stealth
 + Level 1.0 Shields
 + Level 1.0 Unarmed Combat
 + Level 5.0 Spellcasting
 + Level 0.7 Conjurations
 + Level 5.4 Hexes
 + Level 0.7 Summonings
 + Level 0.7 Necromancy
 + Level 0.7 Translocations
 + Level 0.7 Fire Magic
 + Level 0.7 Ice Magic
 + Level 0.7 Air Magic
 + Level 0.7 Earth Magic
 + Level 0.7 Alchemy
 + Level 1.0 Invocations
 + Level 1.0 Evocations
 + Level 0.8 Shapeshifting


You had 10 spell levels left.
You knew the following spells:

 Your Spells              Type           Power      Damage    Failure   Level
a - Ensorcelled Hibernat  Hex/Ice        24%        N/A       11%         2

Your spell library contained the following spells:

 Spells                   Type           Power      Damage    Failure   Level
 Confusing Touch          Hex            18%        N/A       9%          3
 Tukima's Dance           Hex            18%        N/A       9%          3
 Dazzling Flash           Conj/Hex       24%        N/A       22%         3
 Fugue of the Fallen      Necr           5%         N/A       50%         3
 Gell's Gravitas          Tloc           5%         N/A       50%         3
 Teleport Other           Tloc           5%         N/A       50%         3
 Anguish                  Hex/Necr       6%         N/A       56%         4
 Dispersal                Tloc           2%         N/A       100%        6


Dungeon Overview and Level Annotations

Branches:
Dungeon (2/15)

Altars:


Innate Abilities, Weirdness & Mutations

You have very sharp teeth.
Your uncanny sense of smell can sniff out nearby items.
Your experience applies equally to all skills.


Message History

The ribbon worm is lightly wounded.
The ribbon worm expels a string of sticky webbing.
The stream of webbing hits you but does no damage.
You are caught in a web!
Unknown command.
The web tears apart.
Unknown command.
You barely miss the ribbon worm.
The ribbon worm is lightly wounded.
The ribbon worm bites you.
Unknown command.
You hit the ribbon worm.
The ribbon worm is lightly wounded.
The ribbon worm bites you.
You barely miss the ribbon worm. Your bite misses the ribbon worm.
The ribbon worm is lightly wounded.
Unknown command.
You hit the ribbon worm.
The ribbon worm is lightly wounded.
The ribbon worm bites you.
Unknown command.
You hit the ribbon worm but do no damage.
The ribbon worm is lightly wounded.
The ribbon worm bites you.
* * * LOW HITPOINT WARNING * * *
Unknown command.
You hit the ribbon worm.
The ribbon worm is moderately wounded.
Unknown command.
You hit the ribbon worm.
The ribbon worm is heavily wounded.
The ribbon worm closely misses you.
You hit the ribbon worm but do no damage.
The ribbon worm is heavily wounded.
The ribbon worm expels a string of sticky webbing.
The stream of webbing hits you but does no damage.
You are caught in a web!
Unknown command.
The web tears apart.
The ribbon worm bites you!
You die...

#......##.....#
#......##.....#
#......##.....########
#......##.....#.......
#.#+#####.....#.......
#####.#+#####.....#.......
..................#.......
..###..........####.......
+............'@wg.......
##...........####.......
#...........# .......
#...........# .......
#.^.........# .......
#...........# .....?.
#.########### ......g #.
..###.. #


You could see a ribbon worm (catching breath) and a hobgoblin.

Vanquished Creatures
  An adder (D:2)
  A ribbon worm (D:1)
  5 ball pythons (D:1)
  2 bats (D:1)
  5 endoplasms
  A giant cockroach (D:1)
  5 hobgoblins
  2 jackals (D:1)
  3 quokkas
  2 frilled lizards (D:1)
  4 goblins
  A rat (D:2)
32 creatures vanquished.

Notes
Turn   | Place    | Note
-------+----------+-------------------------------------------
     0 | D:1      | hikkokomori the Gnoll Enchanter began the quest for the
                  | Orb.
     0 | D:1      | Reached XP level 1. HP: 13/13 MP: 6/6
   273 | D:1      | Reached XP level 2. HP: 12/19 MP: 7/7
   411 | D:1      | Learned a level 2 spell: Ensorcelled Hibernation
   550 | D:1      | Reached skill level 5 in Spellcasting
   550 | D:1      | Reached XP level 3. HP: 7/25 MP: 7/9
   775 | D:1      | Reached skill level 6 in Stealth
  1230 | D:2      | Reached skill level 1 in Invocations
  1373 | D:2      | Reached skill level 1 in Fighting
  1373 | D:2      | Reached skill level 1 in Long Blades
  1373 | D:2      | Reached skill level 1 in Axes
  1373 | D:2      | Reached skill level 1 in Maces & Flails
  1373 | D:2      | Reached skill level 1 in Polearms
  1373 | D:2      | Reached skill level 1 in Staves
  1373 | D:2      | Reached skill level 1 in Ranged Weapons
  1373 | D:2      | Reached skill level 1 in Throwing
  1373 | D:2      | Reached skill level 1 in Armour
  1373 | D:2      | Reached skill level 1 in Shields
  1373 | D:2      | Reached skill level 1 in Unarmed Combat
  1373 | D:2      | Reached skill level 1 in Evocations
  1383 | D:2      | Slain by a ribbon worm

Illustrated notes

Levels and vault maps discovered:
D:1:      dpeg_arrival_circle_labyrinth_a, layout_basic,
          chequers_serial_rivers_micro_e, amcnicky_mini_rare_corridor_liquid,
          nicolae_wormholes
D:2:      layout_basic

Skill      XL: |  1  2  3 |
---------------+----------+-----
Spellcasting   | 5 |  5.0
Stealth        | 6 |  6.0
Invocations    | 1 |  1.0
Fighting       | 1 |  1.0
Long Blades    | 1 |  1.0
Axes           | 1 |  1.0
Maces & Flails | 1 |  1.0
Polearms       | 1 |  1.0
Staves         | 1 |  1.0
Ranged Weapons | 1 |  1.0
Throwing       | 1 |  1.0
Armour         | 1 |  1.0
Shields        | 1 |  1.0
Unarmed Combat | 1 |  1.0
Evocations     | 1 |  1.0
Short Blades   | |  2.6
Dodging        | |  4.6
Conjurations   | |  0.7
Hexes          | |  5.4
Summonings     | |  0.7
Necromancy     | |  0.7
Translocations | |  0.7
Fire Magic     | |  0.7
Ice Magic      | |  0.7
Air Magic      | |  0.7
Earth Magic    | |  0.7
Alchemy        | |  0.7
Shapeshifting  | |  0.8

Action                     || total
---------------------------++-------
  Melee: Dagger            ||   190
         Bite              ||    21
    Use: Scroll            ||     1
   Stab: Sleeping          ||     4
 Armour: Robe              ||    16
         Leather armour    ||    76
  Dodge: Dodged            ||   139

Table legend: (Time is in decaauts)
 A = Elapsed time spent in this place.
 B = Non-inter-level travel time spent in this place.
 C = Inter-level travel time spent in this place.
 D = Time resting spent in this place.
 E = Time spent auto-exploring this place.
 F = Levels seen in this place.
 G = Mean time per level.
                   A        B        C        D        E       F      G
               +--------+--------+--------+--------+--------+-----+--------+
         Total |   1358 |   1338 |     20 |     44 |    957 |   2 |  679.0 |
       Dungeon |   1358 |   1338 |     20 |     44 |    957 |   2 |  679.0 |
               +--------+--------+--------+--------+--------+-----+--------+

Top non-repeatable levels by time:
     D:1: 1166 daAuts
     D:2: 192 daAuts
